 Dungeon Crawl Stone Soup version 0.31.0-11-ge490571c62 (webtiles) character file.

Game seed: 2593876297975755063

2593 Amelense the Grappler (level 9, 0/83 HPs)
             Began as a Troll Fighter on Feb 7, 2024.
             Was an Initiate of the Shining One.
             Succumbed to a killer bee's poison
             ... on level 8 of the Dungeon on Feb 8, 2024.
             The game lasted 00:22:24 (3097 turns).

Amelense the Grappler (Troll Fighter)               Turns: 3097, Time: 00:22:24

Health: 0/83       AC:  8    Str: 30    XL:     9   Next: 33%
Magic:  8/8        EV:  9    Int:  4    God:    the Shining One [......]
Gold:   312        SH:  7    Dex:  9    Spells: 8/8 levels left

rFire   . .          .
                       - Unarmed
rCold   . . .        b - +0 kite shield
rNeg    . . .        a - +0 robe
rPois   .            (helmet restricted)
rElec   .            (no cloak)
rCorr   .            (gloves unavailable)
SInv    .            (boots unavailable)
Will    .....        (no amulet)
Stlth   +            n - +4 ring of protection
HPRegen 1.13/turn    (no ring)
MPRegen 0.11/turn

%: no passive effects
@: mighty, lethally poisoned (0 -> -7), glowing
A: large, unfitting armour, claws 3, regeneration 1, shaggy fur 1, tough skin 1
a: Renounce Religion


You were on level 8 of the Dungeon.
You worshipped the Shining One.
The Shining One was noncommittal.
You visited 2 branches of the dungeon, and saw 9 of its levels.

You collected 312 gold pieces.

Inventory:

Hand Weapons
 s - a +0 spear of pain
Missiles
 t - 3 curare-tipped darts (quivered)
Armour
 a - a +0 robe (worn)
 b - a +0 kite shield (worn)
 l - the +18 Lear's hauberk
   (You found it on level 6 of the Dungeon)
Jewellery
 n - a +4 ring of protection (left claw)
Wands
 k - a wand of polymorph (12)
 r - a wand of charming (9)
Scrolls
 d - a scroll of vulnerability {unknown}
 e - a scroll of revelation {unknown}
 g - 2 scrolls of noise {unknown}
 h - 4 scrolls of identify
 j - a scroll of poison {unknown}
 m - a scroll of silence {unknown}
 u - a scroll of fear {unknown}
Potions
 f - a potion of degeneration
 i - a potion of curing {unknown}
 o - a potion of invisibility
 p - a potion of heal wounds {unknown}
 q - a potion of haste {unknown}


   Skills:
 + Level 3.4 Fighting
 + Level 2.7 Dodging
 - Level 2.6 Shields
 * Level 12.4 Unarmed Combat


You had 8 spell levels left.
You didn't know any spells.
Your spell library contained the following spells:

 Spells                   Type           Power      Damage    Failure   Level
 Apportation              Tloc           0%         N/A       73%         1
 Freeze                   Ice            0%         1d3       73%         1
 Ensorcelled Hibernation  Hex/Ice        0%         N/A       86%         2
 Jinxbite                 Hex            0%         N/A       86%         2
 Frozen Ramparts          Ice            0%         1d1       97%         3
 Fugue of the Fallen      Necr           0%         N/A       97%         3
 Hailstorm                Conj/Ice       0%         3d5       97%         3
 Ozocubu's Armour         Ice            0%         N/A       97%         3
 Tukima's Dance           Hex            0%         N/A       97%         3
 Anguish                  Hex/Necr       0%         N/A       100%        4
 Dimensional Bullseye     Hex/Tloc       0%         N/A       100%        4
 Iskenderun's Mystic Bla  Conj/Tloc      0%         2d3       100%        4
 Leda's Liquefaction      Alch/Erth      0%         N/A       100%        4
 Manifold Assault         Tloc           0%         N/A       100%        4
 Petrify                  Alch/Erth      0%         N/A       100%        4
 Alistair's Intoxication  Alch           0%         N/A       100%        5
 Metabolic Englaciation   Hex/Ice        0%         N/A       100%        5
 Sculpt Simulacrum        Ice/Alch       0%         N/A       100%        6
 Ozocubu's Refrigeration  Ice            0%         4d7       100%        7
 Polar Vortex             Ice            0%         N/A       100%        9


Dungeon Overview and Level Annotations

Branches:
Dungeon (8/15)             Temple (1/1) D:7
   Lair: D:8-11

Altars:
Ashenzari
Cheibriados
Dithmenos
Gozag
Kikubaaqudgha
Makhleb
Nemelex Xobeh
Okawaru
Qazlal
Ru
Sif Muna
Trog
Vehumet
Xom
Yredelemnul
Zin
The Shining One


Innate Abilities, Weirdness & Mutations

You are too large for most types of armour.
You have claws for hands.
Your natural rate of healing is unusually fast.
You are covered in fur. (AC +1)
You have tough skin. (AC +1)


Message History

The killer bee attacks as it pursues you!
You block the killer bee's attack. x3; The killer bee barely misses you.
The killer bee stings you.
The killer bee stings you but does no damage.
You claw the killer bee!
The killer bee is almost dead.
You feel very sick.
The killer bee stings you but does no damage.
You block the killer bee's attack.
The killer bee stings you but does no damage.
The killer bee closely misses you.
A gnoll comes into view. It is wielding a +0 spear.
A gnoll comes into view. It is wielding a +0 club.
The killer bee stings you but does no damage.
You mangle the killer bee!!
You kill the killer bee!
You feel very sick. You block the killer bee's attack.
The killer bee stings you but does no damage.
The killer bee closely misses you. The killer bee stings you.
* * * LOW HITPOINT WARNING * * *
The killer bee closely misses you.
You feel very mighty all of a sudden.
You feel very sick. The killer bee stings you.
* * * LOW HITPOINT WARNING * * *
You are more poisoned.
The killer bee poisons you! You block the killer bee's attack.
The killer bee stings you.
* * * LOW HITPOINT WARNING * * *
The killer bee barely misses you. The killer bee closely misses you.
You block the killer bee's attack.
A gnoll comes into view. It is wielding a +0 halberd.
* * * LOW HITPOINT WARNING * * *
You feel very sick.
The gnoll shouts!
Something shouts, "Slither hence, thou unmuzzled toad-spotted tinkerer!"
The gnoll moves out of view.
There is a stone staircase leading up here.
You die...

....### . ...
..# .........
... ..#.# ...g
g..# .....##.##
......g))###
#)gyy@####
#..#.†.y...#
#.....g#.#....#
#........#.#
##..
##..........
#.......#...
#.#..........
#.#..#######..
. ...


You could see a gnoll bouda, 3 killer bees and 3 gnolls.

Vanquished Creatures
  Maggie (D:6)
  Prince Ribbit (D:6)
  A steam dragon (D:6)
  Menkaure (D:6)
  A water moccasin (D:6)
  An orc warrior (D:7)
  2 ice beasts
  A sky beast (D:7)
  A black bear (D:5)
  2 ogres
  A centaur (D:6)
  2 kobold brigands (D:7)
  Blork the orc (D:5)
  A bullfrog (D:5)
  A scorpion (D:4)
  2 killer bees (D:8)
  A bombardier beetle (D:4)
  An electric eel (D:6)
  2 jellies
  An orc priest (D:8)
  A gnoll bouda (D:6)
  2 hounds
  A sleepcap (D:6)
  2 iguanas
  4 orc wizards
  6 gnolls
  5 adders
  A white imp (D:7)
  2 ufetubi (D:5)
  5 dart slugs
  13 orcs
  An endoplasm (D:4)
  18 kobolds
  4 quokkas
  3 ball pythons
  2 bats (D:3)
  3 goblins (D:3)
  2 rats (D:3)
100 creatures vanquished.

Notes
Turn   | Place    | Note
-------+----------+-------------------------------------------
     0 | D:1      | Amelense the Troll Fighter began the quest for the Orb.
     0 | D:1      | Reached XP level 1. HP: 22/22 MP: 0/0
   125 | D:3      | Found a glowing silver altar of Zin.
   148 | D:3      | Reached XP level 2. HP: 29/29 MP: 1/1
   377 | D:4      | Noticed a bombardier beetle
   384 | D:4      | Killed a bombardier beetle
   385 | D:4      | Reached skill level 3 in Unarmed Combat
   385 | D:4      | Reached XP level 3. HP: 30/37 MP: 2/2
   576 | D:4      | Found a burning altar of Makhleb.
   583 | D:4      | Reached XP level 4. HP: 45/45 MP: 3/3
   610 | D:4      | Noticed a scorpion
   617 | D:4      | Killed a scorpion
   618 | D:4      | Reached skill level 4 in Unarmed Combat
   626 | D:4      | Reached XP level 5. HP: 49/53 MP: 4/4
   687 | D:5      | Entered Level 5 of the Dungeon
   772 | D:5      | Reached skill level 5 in Unarmed Combat
   796 | D:5      | Found a snail-covered altar of Cheibriados.
   821 | D:5      | Noticed an ogre
   829 | D:5      | Killed an ogre
   830 | D:5      | Reached XP level 6. HP: 49/61 MP: 5/5
   868 | D:5      | Reached skill level 6 in Unarmed Combat
   938 | D:5      | Noticed an ice beast
   954 | D:5      | Killed an ice beast
   972 | D:5      | Reached skill level 7 in Unarmed Combat
  1151 | D:5      | Reached XP level 7. HP: 66/67 MP: 6/6
  1168 | D:5      | Noticed Blork the orc
  1176 | D:5      | Killed Blork the orc
  1289 | D:6      | Noticed a steam dragon
  1301 | D:6      | Killed a steam dragon
  1302 | D:6      | Reached skill level 8 in Unarmed Combat
  1459 | D:6      | Found the +18 Lear's hauberk
  1563 | D:6      | Reached skill level 9 in Unarmed Combat
  1567 | D:6      | Noticed Maggie
  1569 | D:6      | Noticed Prince Ribbit
  1572 | D:6      | Reached XP level 8. HP: 75/75 MP: 7/7
  1580 | D:6      | Killed Maggie
  1588 | D:6      | Killed Prince Ribbit
  1589 | D:6      | Reached skill level 10 in Unarmed Combat
  1639 | D:6      | Found a shimmering altar of Xom.
  1657 | D:6      | Found a glowing golden altar of the Shining One.
  1670 | D:6      | Found a shimmering altar of Xom.
  1671 | D:6      | Found a shimmering altar of Xom.
  1672 | D:6      | Found a shimmering altar of Xom.
  1672 | D:6      | Found a shimmering altar of Xom.
  1673 | D:6      | Found a shimmering altar of Xom.
  1673 | D:6      | Found a shimmering altar of Xom.
  1694 | D:6      | Noticed Menkaure
  1704 | D:6      | Killed Menkaure
  1705 | D:6      | Reached skill level 11 in Unarmed Combat
  1797 | D:6      | Identified the +2 ring mail of Zesmuloc {^Contam rElec
                  | Str+2}
  2264 | D:6      | Became a worshipper of the Shining One
  2279 | D:7      | Found a staircase to the Ecumenical Temple.
  2297 | D:7      | Reached XP level 9. HP: 77/83 MP: 8/8
  2329 | Temple   | Entered the Ecumenical Temple
  2557 | D:7      | Found an ancient bone altar of Kikubaaqudgha.
  2835 | D:7      | Reached skill level 12 in Unarmed Combat
  3096 | D:8      | HP: 3/83 [poisoned by a killer bee]
  3097 | D:8      | Succumbed to a killer bee's poison

Illustrated notes

Levels and vault maps discovered:
D:1:      psy_arrival_radial02, layout_basic, moated_statue, serial_bayou_pond_c
D:2:      layout_loops_corners, uniq_jessica
D:3:      layout_rooms, zin_statuary
D:4:      layout_basic, mainiacjoe_overflow_surrounded_room
D:5:      layout_basic, kennysheep_slug_shrine, uniq_blork_the_orc
D:6:      wad_lake_hut, layout_basic, tso_oasis_becter, xom_redecorated,
          uniq_maggie, uniq_prince_ribbit1, uniq_menkaure
D:7:      layout_cave_pools, kiku_gazebo_garden_becter,
          minmay_temple_entry_glass
D:8:      layout_rooms
Temple:   nicolae_temple_bog_church

Skill      XL: |  1  2  3  4  5  6  7  8  9 |
---------------+----------------------------+-----
Fighting       | 3 |  3.4
Unarmed Combat | 3 4 5 7 9 11 12 | 12.4
Dodging        | |  2.7
Shields        | |  2.6

Action                     |  1- 3 |  4- 6 |  7- 9 || total
---------------------------+-------+-------+-------++-------
  Melee: Unarmed           |    54 |    83 |   180 ||   317
  Evoke: Wand              |       |       |     1 ||     1
    Use: Scroll            |       |       |     1 ||     1
         Potion            |       |       |     3 ||     3
 Armour: Robe              |    26 |    33 |   178 ||   237
  Dodge: Dodged            |    17 |    19 |    97 ||   133
  Block: Kite shield       |    24 |    26 |    89 ||   139
